 Dungeon Crawl Stone Soup version 0.20.1-1-g8b1a95d (webtiles) character file.

3526 Irenicus the Earth Mage (level 9, -3/68 HPs)
             Began as a Deep Dwarf Earth Elementalist on Oct 14, 2017.
             Was a Believer of Makhleb.
             Killed from afar by an orc sorcerer (31 damage)
             ... with a bolt of negative energy
             ... on level 8 of the Dungeon.
             The game lasted 00:19:21 (5942 turns).

Irenicus the Earth Mage (DDEE)                      Turns: 5942, Time: 00:19:22

Health: -3/68      AC:  4    Str: 12    XL:     9   Next: 82%
Magic:  1/10       EV: 19    Int: 16    God:    Makhleb [**....]
Gold:   387        SH:  0    Dex: 19    Spells: 8/14 levels left

rFire    . . .     SeeInvis .   m - +9 hand axe (freeze)
rCold    . . .     Gourm    +   (no shield)
rNeg     . . .     Faith    .   c - +0 robe
rPois    .         Spirit   .   (no helmet)
rElec    .         Reflect  .   F - +0 cloak
rCorr    .         Harm     .   (no gloves)
MR       +....                  B - +0 pair of boots
Stlth    ++........             t - amulet of the gourmand
Regen    0.0/turn               w - +3 ring of dexterity
MPRegen  0.2/turn               A - +5 ring of evasion

@: non-regenerating, heavily drained
A: damage resistance, heal wounds, hooves 1, sense surroundings 2, MP-powered
wands, no regeneration
a: Heal Wounds, Minor Destruction, Renounce Religion


You were on level 8 of the Dungeon.
You worshipped Makhleb.
Makhleb was pleased with you.
You were completely stuffed.

You visited 2 branches of the dungeon, and saw 9 of its levels.

You collected 387 gold pieces.

Inventory:

Hand Weapons
 m - a +9 hand axe of freezing (weapon)
 C - a +0 arbalest
Missiles
 b - 59 stones (quivered)
 D - 23 bolts
Armour
 c - a +0 robe (worn)
 B - a +0 pair of boots (worn)
 F - a +0 cloak (worn)
 N - the +1 cloak of the Solstice {+Blink rN+ MP-9}
   (You found it on level 7 of the Dungeon)

   It protects you from negative energy.
   It affects your magic capacity (-9).
   It lets you blink.
Jewellery
 t - an amulet of the gourmand (around neck)
 w - a +3 ring of dexterity (left hand)
 A - a +5 ring of evasion (right hand)
Wands
 o - a wand of paralysis (17/24)
 E - a wand of digging (8/24)
 G - a wand of digging (8/24)
 J - a wand of paralysis (8/24)
 K - a wand of polymorph (6/24)
 M - a wand of confusion (27/48)
Scrolls
 a - a scroll of fog {unknown}
 f - 4 scrolls of identify
 g - 6 scrolls of teleportation
 j - 2 scrolls of enchant armour {unknown}
 k - 2 scrolls of remove curse
 s - a scroll of magic mapping {unknown}
 y - a scroll of recharging {unknown}
 H - 3 scrolls of random uselessness {unknown}
 I - a scroll of amnesia {unknown}
Potions
 i - a potion of agility
 n - 3 potions of heal wounds
 p - 2 potions of lignification
 q - 3 potions of invisibility
 v - 3 potions of curing {unknown}
 z - a potion of might {unknown}
 L - a potion of resistance {unknown}
Books
 e - a book of Geomancy

   Spells                             Type                      Level
   a - Sandblast                      Earth                        1
   b - Passwall                       Transmutation/Earth          2
   c - Stone Arrow                    Conjuration/Earth            3
   d - Petrify                        Transmutation/Earth          4
   e - Lee's Rapid Deconstruction     Earth                        5
Comestibles
 d - 2 bread rations
 h - 4 chunks of flesh
 l - a meat ration
 r - 4 mutagenic chunks of flesh
 u - 2 royal jellies
 x - 5 fruits


   Skills:
 - Level 4.1(3.0) Dodging
 - Level 2.4(1.3) Stealth
 - Level 3.3(2.1) Spellcasting
 - Level 3.1(2.0) Conjurations
 - Level 2.5(1.4) Transmutations
 + Level 15.5(14.0) Earth Magic


You had 8 spell levels left.
You knew the following spells:

 Your Spells              Type           Power        Failure   Level  Hunger
a - Sandblast             Erth           #####.       1%          1    #......
b - Passwall              Tmut/Erth      ####......   1%          2    ###....
c - Stone Arrow           Conj/Erth      ####..       2%          3    ###....


Dungeon Overview and Level Annotations

Branches:
Dungeon (8/15)             Temple (1/1) D:6
   Lair: D:8-11

Altars:
Ashenzari
Cheibriados
Dithmenos
Elyvilon
Fedhas
Gozag
Hepliaklqana
Kikubaaqudgha
Makhleb
Okawaru
Qazlal
Ru
Sif Muna
Trog
Uskayaw
Vehumet
Xom
Yredelemnul
Zin
The Shining One

Shops:
D:5 *


Innate Abilities, Weirdness & Mutations

You are resistant to damage.
You can heal yourself by infusing magical energy.
You passively map the area around you.
You do not regenerate.
You have large cloven feet.
You expend magic power (3 MP) to strengthen your wands.


Message History

The orc sorcerer shouts!
Casting: Sandblast
Confirm with . or Enter, or press ? or * to list all spells.
Aiming: Sandblast
Press: ? - help, Shift-Dir - straight line, f - orc sorcerer
Aim: an orc sorcerer, wielding a dagger and wearing an embroidered robe The blast of sand hits the orc sorcerer.
The orc sorcerer is moderately wounded.
b - 59 stones
Casting: Sandblast
Confirm with . or Enter, or press ? or * to list all spells.
You don't have enough magic to cast that spell.
Unknown command.
The orc sorcerer casts a spell at you. The bolt of negative energy hits you!
You feel drained.
* * * LOW HITPOINT WARNING * * *
You feel much better.
The orc sorcerer gestures at you while chanting.
The bolt of negative energy hits you!
You feel drained.
You die...

.).....# ######
.)...<.# #....#
.......###### #....#
†...........# #....#
.......####.## #....#
.......####..#####....#
##............).......#
....##########...#....#
##... ####@#....# ####
* ##.........# *
#....o.....#
,.......o..#### *
≈≈≈.≈≈≈...# * **
≈##.##≈≈..# , , #..
##≈..# , , #.[ #≈..# ..
....#


You could see 2 orc sorcerers.

Vanquished Creatures
  An orc sorcerer (D:8)
  A hornet (D:7)
  Prince Ribbit (D:5)
  2 hippogriffs
  Eustachio (D:5)
  A steam dragon (D:7)
  2 sky beasts
  2 orc warriors
  An ice beast (D:5)
  An ogre (D:7)
  A phantom (D:7)
  A necrophage (D:8)
  2 big kobolds (D:7)
  4 bullfrogs
  A gnoll sergeant (D:5)
  A scorpion (D:5)
  A howler monkey (D:6)
  7 crimson imps
  A bullfrog zombie (D:6)
  3 orc priests
  2 hounds (D:5)
  A centaur skeleton (D:7)
  2 orc wizards
  5 worker ants
  A worker ant zombie (D:5)
  8 gnolls
  6 adders
  A shadow imp (D:7)
  An adder zombie (D:6)
  2 worms
  3 dart slugs (D:1)
  2 leopard geckos
  12 orcs
  A bat (D:1)
  2 bat zombies (D:2)
  3 giant cockroaches
  3 hobgoblins
  3 jackals (D:3)
  18 kobolds
  4 quokkas
  A ball python (D:3)
  6 frilled lizards
  9 goblins
  2 leopard gecko skeletons
  A leopard gecko zombie (D:6)
  A quokka skeleton (D:5)
  5 rats
  A rat zombie (D:2)
141 creatures vanquished.

Notes
Turn   | Place    | Note
-------+----------+-------------------------------------------
     0 | D:1      | Irenicus the Deep Dwarf Earth Elementalist began the quest for the Orb.
     0 | D:1      | Reached XP level 1. HP: 15/15 MP: 3/3
   171 | D:1      | Reached XP level 2. HP: 19/22 MP: 3/5
   535 | D:1      | Reached skill level 5 in Earth Magic
   810 | D:2      | Reached XP level 3. HP: 19/28 MP: 2/6
  1402 | D:2      | Found an ancient bone altar of Kikubaaqudgha.
  1708 | D:3      | Reached skill level 6 in Earth Magic
  1708 | D:3      | Reached XP level 4. HP: 33/36 MP: 2/7
  1816 | D:3      | Learned a level 2 spell: Passwall
  1954 | D:3      | Reached skill level 7 in Earth Magic
  2413 | D:4      | Reached XP level 5. HP: 36/42 MP: 5/8
  2588 | D:4      | Found a shimmering altar of Xom.
  2592 | D:4      | Reached skill level 8 in Earth Magic
  2770 | D:4      | Reached XP level 6. HP: 36/49 MP: 7/9
  2861 | D:4      | Reached skill level 9 in Earth Magic
  3157 | D:5      | Entered Level 5 of the Dungeon
  3415 | D:5      | Noticed Eustachio
  3422 | D:5      | Killed Eustachio
  3422 | D:5      | Reached skill level 10 in Earth Magic
  3468 | D:5      | Reached XP level 7. HP: 25/55 MP: 5/10
  3703 | D:5      | Learned a level 3 spell: Stone Arrow
  3793 | D:5      | Found Rottaka's General Store.
  3824 | D:5      | Noticed Prince Ribbit
  3831 | D:5      | Killed Prince Ribbit
  4019 | D:5      | Reached skill level 1 in Transmutations
  4073 | D:5      | Reached XP level 8. HP: 37/62 MP: 1/11
  4480 | D:6      | Found a staircase to the Ecumenical Temple.
  4487 | Temple   | Entered the Ecumenical Temple
  4635 | Temple   | Became a worshipper of Makhleb the Destroyer
  5097 | D:6      | Reached skill level 11 in Earth Magic
  5286 | D:7      | Reached skill level 12 in Earth Magic
  5292 | D:7      | Got a faintly glowing cloak
  5303 | D:7      | Identified the +1 cloak of the Solstice {+Blink rN+ MP-9} (You found it on level 7 of the Dungeon)
  5337 | D:7      | Noticed a hornet
  5391 | D:7      | Paralysed by a hornet for 3 turns
  5395 | D:7      | Paralysed by a hornet for 2 turns
  5402 | D:7      | Killed a hornet
  5402 | D:7      | Reached * piety under Makhleb
  5405 | D:7      | Gained mutation: You passively map the area around you. [Deep Dwarf growth]
  5405 | D:7      | Reached XP level 9. HP: 29/68 MP: 3/11
  5410 | D:7      | Reached skill level 13 in Earth Magic
  5472 | D:7      | Paralysed by a crimson imp for 7 turns
  5663 | D:7      | Reached skill level 14 in Earth Magic
  5733 | D:7      | Gained mutation: You expend magic power (3 MP) to strengthen your wands. [potion of mutation]
  5733 | D:7      | Gained mutation: You have large cloven feet. [potion of mutation]
  5822 | D:8      | Found an iron altar of Okawaru.
  5895 | D:8      | Reached ** piety under Makhleb
  5914 | D:8      | Noticed an orc sorcerer
  5915 | D:8      | Noticed an orange demon
  5917 | D:8      | Noticed an orc sorcerer
  5927 | D:8      | Killed an orc sorcerer
  5927 | D:8      | Reached skill level 15 in Earth Magic
  5936 | D:8      | Noticed an orc sorcerer
  5942 | D:8      | Killed from afar by an orc sorcerer

Skill      XL: |  1  2  3  4  5  6  7  8  9 |
---------------+----------------------------+-----
Spellcasting   | 2 3 |  3.3
Earth Magic    | 5 6 7 8 10 12 15 | 15.5
Conjurations   | 3 |  3.1
Transmutations | 2 |  2.5
Dodging        | 4 |  4.1
Stealth        | |  2.4

Action                   |  1- 3 |  4- 6 |  7- 9 || total
-------------------------+-------+-------+-------++-------
Melee: Unarmed           |     9 |       |       ||     9
       Hand axe          |       |     1 |    22 ||    23
 Fire: Arbalest          |       |       |     2 ||     2
 Cast: Sandblast         |    50 |    70 |   127 ||   247
       Stone Arrow       |       |       |     3 ||     3
 Abil: Heal Wounds       |     1 |       |    12 ||    13
  Use: Scroll            |       |     3 |     7 ||    10
       Potion            |       |       |     8 ||     8
  Eat: Chunk             |     2 |    15 |    10 ||    27
Armor: Robe              |       |     6 |     6 ||    12
       Skin              |       |       |     5 ||     5
Dodge: Dodged            |    16 |     5 |    72 ||    93
